 Dungeon Crawl Stone Soup version 0.22-a0-362-g535178c (webtiles) character file.

14 Amnesiac the Magician (level 2, -12/21 HPs)
             Began as a Mummy Wizard on Apr 20, 2018.
             Mangled by an ogre
             ... wielding a +0 giant club
              (33 damage)
             ... on level 4 of the Dungeon.
             The game lasted 00:01:18 (375 turns).

Amnesiac the Magician (Mummy Wizard)                 Turns: 375, Time: 00:01:18

Health: -12/21     AC:  2    Str: 10    XL:     2   Next: 31%
Magic:  2/7        EV: 12    Int: 17    God:
Gold:   36         SH:  0    Dex: 10    Spells: 6/9 levels left

rFire    x . .     SeeInvis .   h - +2 dagger (venom)
rCold    + . .     Gourm    .   (no shield)
rNeg     + + +     Faith    .   a - +0 robe
rPois    ∞         Spirit   .   b - +0 hat
rElec    .         Reflect  .   (no cloak)
rCorr    .         Harm     .   (no gloves)
MR       .....                  (no boots)
Stlth    ++........             (no amulet)
HPRegen  0.07/turn              (no ring)
MPRegen  0.10/turn              (no ring)

@: no status effects
A: no food or potions, fire vulnerability, cold resistance 1, negative energy
resistance 3, torment resistance, unbreathing
a: no special abilities


You were on level 4 of the Dungeon.
You were not hungry.

You visited 1 branch of the dungeon, and saw 4 of its levels.

You collected 36 gold pieces.

Inventory:

Hand Weapons
 h - a +2 dagger of venom (weapon)
Missiles
 d - 21 stones (quivered)
Armour
 a - a +0 robe (worn)
 b - a +0 hat (worn)
 e - a +0 ring mail
Scrolls
 c - a scroll of blinking {!r, unknown}
 g - 3 scrolls of teleportation {!r, unknown}


   Skills:
 + Level 1.0 Fighting
 * Level 2.2 Dodging
 - Level 1.5 Stealth
 - Level 4.0 Spellcasting
 - Level 0.7 Conjurations
 - Level 0.7 Summonings
   Level 0.7 Translocations


You had 6 spell levels left.
You knew the following spells:

 Your Spells              Type           Power        Failure   Level  Hunger
a - Magic Dart            Conj           #...         12%         1    N/A
b - Call Imp              Summ           #.......     19%         2    N/A

Dungeon Overview and Level Annotations

Branches:
Dungeon (4/15)
 Temple: D:4-7

Altars:


Innate Abilities, Weirdness & Mutations

You do not eat or drink.
Your flesh is vulnerable to fire.
You are immune to poison.
Your flesh is cold resistant. (rC+)
You are immune to negative energy. (rN+++)
You are immune to unholy pain and torment.
You can survive without breathing.


Message History

You see here a fizzy yellow potion {!q}.
Found a blue potion.
You now have 36 gold pieces (gained 8).
You see here a fizzy yellow potion {!q}.
There is a stone staircase leading down here.
You climb downwards.
Found a stone staircase leading down.
There is a stone staircase leading up here.
An adder comes into view.
Found a whip.
There is a stone staircase leading up here.
There is a stone staircase leading down here.
You climb downwards.
A leopard gecko comes into view.
Found a stone staircase leading down.
There is a stone staircase leading up here.
Found 12 arrows.
The helpless leopard gecko fails to defend itself.
You hit the leopard gecko.
The leopard gecko is poisoned.
The leopard gecko is almost dead.
The leopard gecko barely misses you.
You hit the leopard gecko.
You kill the leopard gecko!
Found a scroll labeled GIEJIM QACOH.
There is a stone staircase leading down here.
You climb downwards.
There is a stone staircase leading up here.
You climb upwards.
There is a stone staircase leading down here.
A hobgoblin comes into view.
Found a scroll labeled EHIEWO YFADO.
You see here a scroll labeled GIEJIM QACOH {!r}.
g - 3 scrolls labeled GIEJIM QACOH {!r} (gained 1)
The hobgoblin hits you but does no damage.
You hit the hobgoblin but do no damage.
The hobgoblin is poisoned.
The hobgoblin barely misses you.
You hit the hobgoblin.
The hobgoblin looks as sick as possible!
The hobgoblin is almost dead.
You kill the hobgoblin!
Your Fighting skill increases to level 1!
c - a scroll labeled EHIEWO YFADO {!r}
There is a stone staircase leading down here.
You climb downwards.
There is a stone staircase leading up here.
An ogre comes into view. It is wielding a giant club.
The ogre shouts!
An ogre is nearby!
Casting: Magic Dart (safe; 12% risk of failure)
Confirm with . or Enter, or press ? or * to list all spells.
A shadowy apparition takes form in the air.
Casting: Call Imp (safe; 19% risk of failure)
Confirm with . or Enter, or press ? or * to list all spells.
A beastly little devil appears in a puff of flame.
The ogre hits your shadow imp with a giant club!
Your shadow imp dies!
Casting: Call Imp (safe; 19% risk of failure)
Confirm with . or Enter, or press ? or * to list all spells.
A beastly little devil appears in a puff of flame.
Your crimson imp blinks!
You closely miss the ogre.
The ogre is moderately wounded.
The ogre hits you with a giant club!!
Ouch! That really hurt!
You die...

.########...
...........#
........#..#
###.#..#
#.#....#
#<####.# #.#
#5# #.# #O#
####.####@#
#.........#
###########


You could see an ogre and a friendly crimson imp.

Vanquished Creatures
  A leopard gecko (D:3)
  3 goblins (D:1)
  2 hobgoblins
  A kobold (D:1)
  2 bats (D:1)
  4 rats (D:1)
13 creatures vanquished.

Notes
Turn   | Place    | Note
-------+----------+-------------------------------------------
     0 | D:1      | Amnesiac the Mummy Wizard began the quest for the Orb.
     0 | D:1      | Reached XP level 1. HP: 13/13 MP: 5/5
     2 | D:1      | Noticed a dwarf
     2 | D:1      | Noticed a tengu
     4 | D:1      | Noticed a halfling
     4 | D:1      | Noticed a draconian
     6 | D:1      | Noticed a felid
     6 | D:1      | Noticed a troll
     8 | D:1      | Noticed a ghoul
     8 | D:1      | Noticed a minotaur
    10 | D:1      | Noticed a naga
    12 | D:1      | Noticed an elf
    12 | D:1      | Noticed a vampire
    14 | D:1      | Noticed a human
    14 | D:1      | Noticed a demigod
    16 | D:1      | Noticed a demonspawn
    16 | D:1      | Noticed a vine stalker
    18 | D:1      | Noticed an octopode
    18 | D:1      | Noticed a merfolk
    20 | D:1      | Noticed a spriggan
    20 | D:1      | Noticed a formicid
    22 | D:1      | Noticed a gargoyle
    24 | D:1      | Noticed a centaur
    26 | D:1      | Noticed an ogre
   244 | D:1      | Reached XP level 2. HP: 20/20 MP: 4/7
   248 | D:1      | Learned a level 2 spell: Call Imp
   335 | D:3      | Reached skill level 1 in Fighting
   365 | D:4      | Noticed an ogre
   375 | D:4      | Mangled by an ogre

Vault maps used:
D:1:      kb_arrival_jail
D:2:      first_ration, minmay_box_of_dots, uniq_sigmund
D:3:      minitemple

Skill      XL: |  1  2 |
---------------+-------+-----
Dodging        | 2 |  2.2
Fighting       | 1 |  1.0
Stealth        | |  1.5
Spellcasting   | |  4.0
Conjurations   | |  0.7
Summonings     | |  0.7
Translocations | |  0.7

Action                   || total
-------------------------++-------
Melee: Dagger            ||    14
 Cast: Magic Dart        ||    17
       Call Imp          ||     3
 Stab: Sleeping          ||     1
Armor: Robe              ||     3
Dodge: Dodged            ||     6

Table legend:
 A = Spawn XP
 B = Non-spawn XP
 C = Spawn XP percentage of total XP
 D = Spawn monster count
 E = Non-spawn monster count
 F = Spawn count percentage of total count
 G = Total turns spent on level
                    A         B        C        D         E        F      G
               +---------+---------+-------+---------+---------+-------+---------
         Total |       0 |      21 |   0.0 |       0 |      13 |   0.0 |   375
               +---------+---------+-------+---------+---------+-------+---------
           D:1 |       0 |      16 |   0.0 |       0 |      11 |   0.0 |   302
           D:3 |       0 |       5 |   0.0 |       0 |       2 |   0.0 |    33
               +---------+---------+-------+---------+---------+-------+---------
